Map: Ephemeron LE

Players

Probe

  • Race: Protoss Protoss
  • Spawn Location: 5:00

EGDisruptor (goblin) - Winner!

  • Race: Protoss Protoss
  • Spawn Location: 11:00

Event: NationWars 2019

VOD

Have the link to the VOD?

Description

Time

  • Played on: Oct. 4, 2019, 3:11 p.m.
  • Length: 6:01

All games in this series

Show
View Real Time Build Order
Export as new Build Order

Probe Protoss 

Build Orders:  

Get SALT Encoding   

  12  0:00  Probe  
  13  0:12  Probe  
  14  0:17  Pylon  
  14  0:25  Probe (Chrono Boost)  
  15  0:37  Probe (Chrono Boost)  
  15  0:39  Gateway  
  16  0:44  Probe (Chrono Boost)  
  16  0:47  Assimilator  
  17  0:51  Probe  
  17  0:54  Assimilator  
  18  1:03  Probe (Chrono Boost)  
  19  1:08  Gateway  
  19  1:13  Probe (Chrono Boost)  
  19  1:18  Probe (Chrono Boost)  
  21  1:26  Cybernetics Core  
  21  1:29  Probe  
  22  1:34  Pylon  
  22  1:41  Probe  
  23  1:53  Probe  
  24  2:01  Warp Gate (Chrono Boost)  
  24  2:04  Stalker  
  24  2:05  Sentry  
  28  2:11  Pylon, Probe  
  29  2:31  Stalker  
  29  2:34  Stalker  
  33  2:48  Nexus  
  33  3:01  Sentry  
  33  3:03  Shield Battery  
  33  3:04  Sentry  
  37  3:15  Robotics Facility  
  36  3:23  Shield Battery  
  36  3:24  Pylon  
  36  3:32  Shield Battery  
  36  3:43  Stalker x2  
  40  3:59  Immortal (Chrono Boost)  
  43  4:07  Probe x2  
  45  4:15  Adept x2  
  49  4:29  Immortal (Chrono Boost)  
  53  4:41  Sentry, Zealot  
  57  4:47  Shield Battery  
  57  4:57  Warp Prism (Chrono Boost)  
  57  5:09  Sentry, Zealot  
  43  5:34  Stalker x2  
Show
View Real Time Build Order
Export as new Build Order

EGDisruptor Protoss - Winner!

Build Orders:  

Get SALT Encoding   

  12  0:00  Probe  
  13  0:12  Probe  
  14  0:18  Pylon  
  14  0:24  Probe (Chrono Boost)  
  15  0:36  Probe (Chrono Boost)  
  15  0:37  Gateway  
  16  0:45  Probe (Chrono Boost)  
  16  0:46  Assimilator  
  17  0:51  Probe  
  17  0:55  Assimilator  
  18  1:03  Probe (Chrono Boost)  
  19  1:09  Gateway  
  19  1:12  Probe (Chrono Boost)  
  19  1:17  Probe (Chrono Boost)  
  20  1:25  Cybernetics Core  
  21  1:29  Probe  
  22  1:36  Pylon  
  22  1:41  Probe  
  23  1:58  Pylon  
  23  2:03  Adept x2  
  23  2:04  Warp Gate  
  27  2:17  Robotics Facility  
  27  2:21  Probe  
  28  2:33  Stalker x2  
  32  3:02  Immortal (Chrono Boost)  
  36  3:09  Pylon  
  36  3:10  Gateway  
  36  3:31  Warp Prism (Chrono Boost)  
  38  3:50  Pylon  
  38  3:59  Immortal (Chrono Boost)  
  42  4:05  Pylon  
  42  4:17  Sentry x2  
  42  4:22  Pylon  
  42  4:23  Sentry  
  48  4:29  Observer  
  49  4:35  Shield Battery  
  49  4:43  Stalker  
  51  4:49  Stalker, Sentry  
  51  5:06  Immortal (Chrono Boost)  
  55  5:07  Adept  
  55  5:13  Stalker, Adept  
  58  5:34  Stalker x2  
Tags
 
Add a new tag
Caveats
  • Supply blocks, unpowered buildings, or Contaminate may cause inaccurate times.
  • Supply counts are checked every 10 seconds.